 Dungeon Crawl Stone Soup version 0.27-a0-1384-g1422d76b99 (webtiles) character file.

Game seed: 6691962567816574717

150 octoduck the Firebug (level 5, -2/28 HPs)
             Began as a Tengu Fire Elementalist on June 30, 2021.
             Slain by Grinder (3 damage)
             ... on level 3 of the Dungeon.
             The game lasted 00:10:35 (4106 turns).

octoduck the Firebug (Tengu Fire Elementalist)      Turns: 4106, Time: 00:10:35

Health: -2/28      AC:  4    Str:  8    XL:     5   Next: 32%
Magic:  8/9        EV: 14    Int: 17    God:
Gold:   130        SH:  0    Dex: 14    Spells: 7/8 levels left

rFire    . . .     SeeInvis .   c - +0 short sword (spect)
rCold    . . .     Faith    .   (no shield)
rNeg     . . .     Spirit   .   a - +1 robe
rPois    .         Reflect  .   (helmet restricted)
rElec    .         Harm     .   g - +0 cloak
rCorr    .         Rampage  .   (no gloves)
Will     .....                  (boots unavailable)
Stlth    ++........             (no amulet)
HPRegen  0.09/turn              (no ring)
MPRegen  0.11/turn              (no ring)

@: about to teleport, flying quickly and evasively, quick
A: beak, talons 3, nimble flight
a: no special abilities


You were on level 3 of the Dungeon.
You visited 1 branch of the dungeon, and saw 4 of its levels.

You collected 130 gold pieces.

Inventory:

Hand Weapons
 c - a +0 spectral short sword (weapon)
Armour
 a - a +1 robe (worn)
 e - a +0 leather armour
 g - a +0 cloak (worn)
Magical Staves
 f - a staff of death
Scrolls
 d - a scroll of teleportation
 l - a scroll of enchant armour
 m - a scroll of brand weapon
Potions
 b - a potion of ambrosia {unknown}
 h - a potion of berserk rage {unknown}
 i - a potion of might
 j - a potion of curing
 k - a potion of lignification {unknown}


   Skills:
 - Level 2.1 Dodging
 - Level 2.0 Stealth
 - Level 2.0 Spellcasting
 + Level 4.1 Conjurations
 + Level 5.4 Fire Magic


You had 7 spell levels left.
You knew the following spells:

 Your Spells              Type           Power      Damage    Failure   Level
a - Foxfire               Conj/Fire      72%        2x1d7     2%          1

Your spell library contained the following spells:

 Spells                   Type           Power      Damage    Failure   Level
 Conjure Flame            Conj/Fire      18%        6-21      9%          3
 Animate Skeleton         Necr           2%         N/A       19%         1
 Apportation              Tloc           2%         N/A       19%         1
 Corona                   Hex            1%         N/A       19%         1
 Summon Small Mammal      Summ           4%         N/A       19%         1
 Inner Flame              Hex/Fire       11%        N/A       19%         3
 Sticky Flame             Conj/Fire      18%        2d4       26%         4
 Fireball                 Conj/Fire      9%         3d6       58%         5


Dungeon Overview and Level Annotations

Branches:
Dungeon (4/15)
 Temple: D:4-7

Altars:

Annotations:
D:3 1 exclusion, Grinder
D:4 Blork the orc


Innate Abilities, Weirdness & Mutations

You have a beak for a mouth.
You have claws for feet.
Your magical nature lets you fly swiftly and evasively.


Message History

The hound stops to sniff the ground.
The dart slug launches a dart at you. The slug dart misses you.
You fly upwards.
Level annotation: 1 exclusion, Grinder
There is a stone staircase leading down here.
You start resting.
Grinder is nearby!
Okay, then.
You aren't carrying any items that you can evoke.
Casting: Foxfire (safe; 2% risk of failure)
Confirm with . or Enter, or press ? or * to list all spells.
You conjure some foxfire!
Grinder shouts!
Grinder gestures at you.
You suddenly lose the ability to move!
The foxfire hits Grinder.
Grinder is lightly wounded.
The foxfire hits Grinder but does no damage.
Grinder is lightly wounded.
Grinder gestures at you. Pain shoots through your body!
You can move again.
Casting: Foxfire (safe; 2% risk of failure)
Confirm with . or Enter, or press ? or * to list all spells.
You conjure some foxfire!
Grinder hits you.
You writhe in agony.
* * * LOW HITPOINT WARNING * * *
The foxfire hits Grinder!
Grinder is moderately wounded.
The foxfire hits Grinder.
Grinder is moderately wounded.
Grinder drinks a potion.
Grinder seems to grow stronger.
As you read the scroll of teleportation, it crumbles to dust.
You feel strangely unstable.
Grinder says, "Tell me all your secrets, or I'll kill you."
Grinder barely misses you. Grinder hits you.
* * * LOW HITPOINT WARNING * * *
You writhe in agony.
You die...

#..........###....<)..#.
##.................)(...
##........#######....)..
#..........###.....≈♣≈..
#...............##♣♣≈≈.#
#..........#..####.♣≈≈##
#..........#.## #......
#.....5......# #......
##....>@...### #....##
##.......## #....#
######### ######


You could see Grinder (strong).

Vanquished Creatures
  3 gnolls (D:3)
  4 adders
  A worm (D:4)
  2 dart slugs
  5 orcs (D:3)
  7 bats
  3 endoplasms
  4 giant cockroaches
  6 goblins
  3 hobgoblins
  6 jackals (D:2)
  4 kobolds
  4 quokkas
  9 ball pythons
  3 frilled lizards (D:1)
  7 rats
71 creatures vanquished.

Vanquished Creatures (others)
  168 foxfires
  15 plants (D:3)
183 creatures vanquished.

Grand Total: 254 creatures vanquished

Notes
Turn   | Place    | Note
-------+----------+-------------------------------------------
     0 | D:1      | octoduck the Tengu Fire Elementalist began the quest for
                  | the Orb.
     0 | D:1      | Reached XP level 1. HP: 10/10 MP: 4/4
   174 | D:1      | Reached XP level 2. HP: 12/15 MP: 0/6
   300 | D:1      | Reached skill level 4 in Fire Magic
   874 | D:1      | Reached XP level 3. HP: 19/19 MP: 3/7
  1807 | D:2      | Reached XP level 4. HP: 13/24 MP: 3/8
  2149 | D:2      | Reached skill level 5 in Fire Magic
  2439 | D:3      | Found a faded altar of an unknown god.
  2469 | D:3      | Noticed Grinder
  2738 | D:3      | Paralysed by Grinder for 7 turns
  3122 | D:3      | Gained mutation: Your magical nature lets you fly swiftly
                  | and evasively. [Tengu growth]
  3122 | D:3      | Reached XP level 5. HP: 28/28 MP: 7/9
  3532 | D:3      | Noticed an orc warrior
  3579 | D:4      | Noticed Blork the orc
  4096 | D:3      | Paralysed by Grinder for 7 turns
  4106 | D:3      | HP: 1/28 [Grinder (3)]
  4106 | D:3      | Slain by Grinder

Illustrated notes

Levels and vault maps discovered:
D:1:      dpeg_arrival_pits, layout_rooms, st_stairs_4, minmay_misc_feat_five,
          minmay_fountain_box
D:2:      layout_loops_ring, minmay_hexomino_c4
D:3:      layout_rooms, serial_bayou, serial_bayou_pond_d, serial_bayou_pond_d,
          serial_bayou_pond_e, serial_bayou_lake_a, serial_bayou_crossing,
          hellmonk_ecumenical_altar_pennies_from_heaven, feat_on_display,
          uniq_grinder
D:4:      layout_loops_ring, gammafunk_temple_overflow_elements,
          nicolae_wu_jian_immortal_techniques, sigmund_edmund_badplayer,
          uniq_blork_the_orc, uniq_edmund

Skill      XL: |  1  2  3  4  5 |
---------------+----------------+-----
Fire Magic     | 4 5 |  5.4
Conjurations   | 2 3 4 |  4.1
Dodging        | |  2.1
Stealth        | |  2.0
Spellcasting   | |  2.0

Action                   |  1- 3 |  4- 6 || total
-------------------------+-------+-------++-------
Melee: Short sword       |    10 |     7 ||    17
       Kick              |     2 |     1 ||     3
       Peck              |     1 |       ||     1
 Cast: Foxfire           |    64 |    47 ||   111
  Use: Scroll            |     2 |     4 ||     6
Armor: Robe              |    14 |     6 ||    20
Dodge: Dodged            |    46 |    17 ||    63

Table legend: (Time is in decaauts)
 A = Elapsed time spent in this place.
 B = Non-inter-level travel time spent in this place.
 C = Inter-level travel time spent in this place.
 D = Time resting spent in this place.
 E = Time spent auto-exploring this place.
 F = Levels seen in this place.
 G = Mean time per level.
                   A        B        C        D        E       F      G
               +--------+--------+--------+--------+--------+-----+--------+
         Total |   4084 |   3919 |    165 |   1835 |   1397 |   4 | 1021.0 |
       Dungeon |   4084 |   3919 |    165 |   1835 |   1397 |   4 | 1021.0 |
               +--------+--------+--------+--------+--------+-----+--------+

Top non-repeatable levels by time:
     D:2: 1519 daAuts
     D:3: 1431 daAuts
     D:1: 1065 daAuts
     D:4: 67 daAuts
